[Event "Rated Blitz game"]
[Site "?"]
[Date "2021.09.20"]
[Round "?"]
[White "tatamaco"]
[Black "kinar1"]
[Result "0-1"]
[ECO "C42"]
[WhiteElo "2427"]
[BlackElo "2490"]
[PlyCount "86"]
[EventDate "2021.??.??"]
[EventType "blitz"]
[TimeControl "180+2"]

1. e4 e5 2. Nf3 Nf6 3. Nxe5 d6 4. Nxf7 Kxf7 5. d4 Qe8 6. f3 c5 7. d5 g6 8. c4
Bg7 9. Nc3 Rf8 10. Bd3 Kg8 11. O-O Nbd7 12. Qe2 a6 13. a4 Ne5 14. Bc2 Bd7 15.
f4 Neg4 16. h3 Nh6 17. g4 Nfxg4 18. hxg4 Bxg4 19. Qg2 Qd7 20. Qg3 Bh3 21. Rf3
Bg4 22. Rd3 Bd4+ 23. Be3 Qg7 24. Rad1 Bf6 25. Re1 Bd7 26. e5 Be7 27. e6 Nf5 28.
Qg2 Nxe3 29. Rexe3 Be8 30. Rg3 Rxf4 31. Rdf3 Rxc4 32. Bd3 Rb4 33. Nd1 Rxa4 34.
Ne3 Bf6 35. Nf5 Bd4+ 36. Kf1 Ra1+ 37. Ke2 Qe5+ 38. Ne3 Ra2 39. Kf1 Ra1+ 40. Ke2
c4 41. Bxg6 hxg6 42. Kd2 Bxe3+ 43. Rxe3 Qxb2# {Normal} 0-1

[Event "Rated Blitz game"]
[Site "?"]
[Date "2021.09.20"]
[Round "?"]
[White "RoyalChessyoutube"]
[Black "Oleggelo17"]
[Result "1-0"]
[ECO "C42"]
[WhiteElo "2387"]
[BlackElo "2465"]
[PlyCount "33"]
[EventDate "2021.??.??"]
[EventType "blitz"]
[TimeControl "180+2"]

1. e4 e5 2. Nf3 Nf6 3. Nxe5 d6 4. Nxf7 Kxf7 5. d4 c5 6. Bc4+ Be6 7. Bxe6+ Kxe6
8. O-O cxd4 9. f4 Nc6 10. c3 Qb6 11. Kh1 Re8 12. cxd4 Qxd4 13. Qb3+ d5 14.
exd5+ Qxd5 15. Qxb7 Rb8 16. f5+ Kd6 17. Bf4+ {Normal} 1-0

[Event "Rated Blitz tournament QBi2KKZE"]
[Site "?"]
[Date "2021.09.20"]
[Round "?"]
[White "HpRmDrNsT"]
[Black "Elsny13"]
[Result "0-1"]
[ECO "C42"]
[WhiteElo "2346"]
[BlackElo "2546"]
[PlyCount "37"]
[EventDate "2021.??.??"]
[EventType "blitz"]
[TimeControl "180"]

1. e4 e5 2. Nf3 Nf6 3. Nxe5 d6 4. Nxf7 Kxf7 5. d4 c5 6. Nc3 Nc6 7. Bc4+ d5 8.
Nxd5 Be6 9. c3 Bxd5 10. exd5 Na5 11. Qe2 Nxc4 12. Qe6+ Kg6 13. O-O Qxd5 14. Qh3
Bd6 15. b3 Nb6 16. Be3 Rac8 17. Rad1 Qf5 18. Qh4 Qg4 19. dxc5 {Normal} 0-1

[Event "Rated Blitz game"]
[Site "?"]
[Date "2021.09.19"]
[Round "?"]
[White "H-HH"]
[Black "drini123"]
[Result "0-1"]
[ECO "C42"]
[WhiteElo "2422"]
[BlackElo "2337"]
[PlyCount "44"]
[EventDate "2021.??.??"]
[EventType "blitz"]
[TimeControl "180"]

1. e4 e5 2. Nf3 Nf6 3. Nxe5 d6 4. Nxf7 Kxf7 5. d4 Be7 6. Bc4+ d5 7. exd5 Bd6 8.
Bb3 Re8+ 9. Be3 Kg8 10. O-O Nbd7 11. c4 b6 12. Nc3 Kh8 13. Nb5 Ba6 14. Nxd6
cxd6 15. Qf3 Rc8 16. Rac1 Qe7 17. Qg3 Ne4 18. Qg4 Ndf6 19. Qh3 Rcd8 20. Rfe1
Bc8 21. Qh4 Nxd5 22. cxd5 Qxh4 {Normal} 0-1

[Event "Rated Blitz game"]
[Site "?"]
[Date "2021.09.19"]
[Round "?"]
[White "M-P-M"]
[Black "archathlete"]
[Result "0-1"]
[ECO "C42"]
[WhiteElo "2431"]
[BlackElo "2407"]
[PlyCount "96"]
[EventDate "2021.??.??"]
[EventType "blitz"]
[TimeControl "180"]

1. e4 e5 2. Nf3 Nf6 3. Nxe5 d6 4. Nxf7 Kxf7 5. d4 Be7 6. Bc4+ d5 7. exd5 Bd6 8.
O-O Re8 9. Qf3 Kg8 10. Bg5 Rf8 11. Nc3 Nbd7 12. Rfe1 Kh8 13. Re6 Nb6 14. Bd3
Bxe6 15. dxe6 Qe7 16. Re1 Rae8 17. d5 Nfxd5 18. Bxe7 Rxf3 19. Bxd6 Rxd3 20.
cxd3 cxd6 21. Nb5 Nf4 22. e7 Nbd5 23. g3 Ng6 24. Nxd6 Rxe7 25. Rc1 h6 26. Rc5
Nb4 27. d4 Nc6 28. Nxb7 Nxd4 29. Nd6 Ne5 30. Kg2 Kh7 31. Rd5 Ndc6 32. Nf5 Rd7
33. Rc5 Kg6 34. Nh4+ Kf6 35. f4 Rd2+ 36. Kh3 Rxb2 37. fxe5+ Nxe5 38. Ra5 g5 39.
Ra6+ Kf7 40. Rxa7+ Ke8 41. g4 gxh4 42. Ra5 Nf3 43. Ra8+ Kd7 44. g5 h5 45. Ra7+
Kc6 46. Ra6+ Kb7 47. Rb6+ Kxb6 48. g6 Rxh2# {Normal} 0-1

[Event "Rated Blitz game"]
[Site "?"]
[Date "2021.09.19"]
[Round "?"]
[White "H-HH"]
[Black "adnansendur"]
[Result "0-1"]
[ECO "C42"]
[WhiteElo "2456"]
[BlackElo "2466"]
[PlyCount "82"]
[EventDate "2021.??.??"]
[EventType "blitz"]
[TimeControl "180"]

1. e4 e5 2. Nf3 Nf6 3. Nxe5 d6 4. Nxf7 Kxf7 5. d4 Qe8 6. Nc3 c5 7. Bb5 Nc6 8.
O-O cxd4 9. Nd5 Qxe4 10. Nxf6 gxf6 11. Qh5+ Qg6 12. Bc4+ Kg7 13. Qh4 Ne5 14.
Bd5 Bf5 15. f4 Ng4 16. Re1 Re8 17. Bd2 Ne3 18. Qf2 Nxd5 19. Qxd4 Be4 20. Re2
Kg8 21. Rae1 f5 22. Rxe4 Rxe4 23. Qxd5+ Qf7 24. Qd3 Rxe1+ 25. Bxe1 h5 26. Bc3
Rh6 27. Qd4 Bg7 28. Qxa7 Bxc3 29. bxc3 Rg6 30. Qb8+ Kh7 31. Qc8 Qd5 32. g3 h4
33. Qd7+ Rg7 34. Qd8 Qd1+ 35. Kg2 Qe2+ 36. Kh3 Qg4+ 37. Kg2 hxg3 38. hxg3 Qxg3+
39. Kf1 Qxf4+ 40. Ke2 Rg2+ 41. Kd3 Rd2# {Normal} 0-1

[Event "Rated Rapid game"]
[Site "?"]
[Date "2021.09.19"]
[Round "?"]
[White "SpbSouthWest"]
[Black "Bodlja"]
[Result "0-1"]
[ECO "C42"]
[WhiteElo "2356"]
[BlackElo "2442"]
[PlyCount "62"]
[EventDate "2021.??.??"]
[EventType "rapid"]
[TimeControl "600"]

1. e4 e5 2. Nf3 Nf6 3. Nxe5 d6 4. Nxf7 Kxf7 5. d4 Qe8 6. Bd3 g6 7. Qd2 Nxe4 8.
Bc4+ Be6 9. Qf4+ Nf6 10. Be2 Bg7 11. O-O Rf8 12. Bf3 c6 13. Re1 Qd7 14. Qh4 Kg8
15. Bh6 Na6 16. c3 Rae8 17. Nd2 Bg4 18. Bxg7 Kxg7 19. Ne4 Bxf3 20. gxf3 d5 21.
Ng3 Nc7 22. Re5 Rxe5 23. dxe5 Ng8 24. Re1 Ne6 25. Kg2 Ne7 26. Qg4 Nf4+ 27. Kh1
Qxg4 28. fxg4 Nd3 29. Re2 Nxf2+ 30. Kg2 Nxg4 31. h3 Nh6 {Normal} 0-1

[Event "Rated Blitz game"]
[Site "?"]
[Date "2021.09.19"]
[Round "?"]
[White "peaudepaillator"]
[Black "darthpetrov2000"]
[Result "1-0"]
[ECO "C42"]
[WhiteElo "2578"]
[BlackElo "2555"]
[PlyCount "80"]
[EventDate "2021.??.??"]
[EventType "blitz"]
[TimeControl "180"]

1. e4 e5 2. Nf3 Nf6 3. Nxe5 d6 4. Nxf7 Kxf7 5. Nc3 c5 6. Bc4+ Be6 7. Bxe6+ Kxe6
8. O-O Nc6 9. f4 Kf7 10. g4 g6 11. d3 Bg7 12. f5 gxf5 13. exf5 h6 14. h4 Nh7
15. g5 hxg5 16. Qh5+ Kg8 17. hxg5 Ne5 18. Nd5 Nf6 19. Nxf6+ Bxf6 20. Qe2 Bxg5
21. Qg2 Rh5 22. f6 Nf7 23. Rf5 Qd7 24. Rd5 Kh7 25. Bxg5 Nxg5 26. Kf2 Nh3+ 27.
Ke3 Re8+ 28. Kd2 Rxd5 29. Qxd5 Re5 30. Qf3 Qf5 31. Qxb7+ Kg6 32. Qg7+ Kh5 33.
Qh8+ Kg6 34. Qg7+ Kh5 35. Qh8+ Kg4 36. Qg7+ Kf3 37. Rf1+ Nf2 38. Kc3 Ke2 39. f7
Kxf1 40. f8=Q Qh3 {Normal} 1-0

[Event "Rated Blitz tournament cOdHzj8b"]
[Site "?"]
[Date "2021.09.18"]
[Round "?"]
[White "Stale_Bread0"]
[Black "ChrisJunker"]
[Result "1-0"]
[ECO "C42"]
[WhiteElo "2738"]
[BlackElo "2318"]
[PlyCount "59"]
[EventDate "2021.??.??"]
[EventType "blitz"]
[TimeControl "180"]

1. e4 e5 2. Nf3 Nf6 3. Nxe5 d6 4. Nxf7 Kxf7 5. Nc3 Qe8 6. Qf3 c5 7. Bb5 Nc6 8.
O-O Bd7 9. d3 Nd4 10. Bc4+ Be6 11. Bxe6+ Qxe6 12. Qd1 Be7 13. Be3 Rhf8 14. Bxd4
cxd4 15. Ne2 Qe5 16. f4 Qc5 17. h3 Kg8 18. Kh1 Rac8 19. c3 Nh5 20. cxd4 Qb4 21.
g4 Nf6 22. a3 Qxb2 23. Rb1 Qxa3 24. Rxb7 Rf7 25. Ng3 d5 26. e5 Ne8 27. Qf3 Rc2
28. Qxd5 Qxd3 29. Rxe7 Qg6 30. f5 {Normal} 1-0

[Event "Rated Blitz game"]
[Site "?"]
[Date "2021.09.18"]
[Round "?"]
[White "ukic10"]
[Black "Wernad"]
[Result "0-1"]
[ECO "C42"]
[WhiteElo "2403"]
[BlackElo "2366"]
[PlyCount "44"]
[EventDate "2021.??.??"]
[EventType "blitz"]
[TimeControl "180"]

1. e4 e5 2. Nf3 Nf6 3. Nxe5 d6 4. Nxf7 Kxf7 5. d4 Be7 6. f4 Rf8 7. e5 dxe5 8.
fxe5 Nd5 9. c4 Nb6 10. Nc3 Kg8 11. Be3 Bg5 12. Qd2 Bxe3 13. Qxe3 c5 14. d5 Nxc4
15. Bxc4 Qh4+ 16. g3 Qxc4 17. O-O-O Na6 18. Kb1 Bf5+ 19. Ka1 Nb4 20. Rd2 Nc2+
21. Rxc2 Bxc2 22. e6 Rf1+ {Normal} 0-1

[Event "Rated Blitz game"]
[Site "?"]
[Date "2021.09.18"]
[Round "?"]
[White "judineptune"]
[Black "Ivanets_Sergei"]
[Result "1/2-1/2"]
[ECO "C42"]
[WhiteElo "2422"]
[BlackElo "2414"]
[PlyCount "146"]
[EventDate "2021.??.??"]
[EventType "blitz"]
[TimeControl "180"]

1. e4 e5 2. Nf3 Nf6 3. Nxe5 d6 4. Nxf7 Kxf7 5. d4 Be7 6. Nc3 Rf8 7. Bc4+ Be6 8.
d5 Bg4 9. f3 Bh5 10. e5 Ne8 11. e6+ Kg8 12. O-O a6 13. a4 c6 14. Be3 Nf6 15. g4
Bg6 16. g5 Nxd5 17. Bxd5 cxd5 18. Nxd5 Bxg5 19. Bf2 Nc6 20. f4 Bxf4 21. Qg4 Qg5
22. Qxg5 Bxg5 23. Bg3 Rxf1+ 24. Rxf1 Re8 25. Nc7 Be3+ 26. Kg2 Be4+ 27. Kh3 Rc8
28. Bxd6 Bb6 29. e7 Nxe7 30. Ne6 Bf5+ 31. Kg3 Bxe6 32. Bxe7 h6 33. c3 Re8 34.
Bd6 Rd8 35. Bf4 Rd3+ 36. Rf3 Rxf3+ 37. Kxf3 Bb3 38. Ke4 Bxa4 39. Kd5 Bc6+ 40.
Kd6 Bg1 41. Kc7 Kf7 42. c4 Ke6 43. b4 h5 44. b5 axb5 45. cxb5 Bxb5 46. Kxb7 Be2
47. Kc6 Kf5 48. Bb8 Kg4 49. Kd5 Kh3 50. Ke4 Bxh2 51. Ba7 g5 52. Bc5 g4 53. Kf5
Bc7 54. Ke4 Bf3+ 55. Ke3 Kg2 56. Be7 Bb6+ 57. Kf4 g3 58. Bh4 Bc7+ 59. Kg5 Bg4
60. Kh6 Kh3 61. Bf6 g2 62. Bd4 Kg3 63. Kg5 h4 64. Ba7 h3 65. Bg1 Bc8 66. Be3 h2
67. Kf6 g1=Q 68. Bg5 Kg4 69. Kg7 Qf2 70. Bf6 Qf5 71. Kf7 Be6+ 72. Ke7 Bd6+ 73.
Ke8 Qxf6 {Normal} 1/2-1/2

[Event "Rated Blitz game"]
[Site "?"]
[Date "2021.09.18"]
[Round "?"]
[White "ukic10"]
[Black "Wernad"]
[Result "0-1"]
[ECO "C42"]
[WhiteElo "2404"]
[BlackElo "2365"]
[PlyCount "78"]
[EventDate "2021.??.??"]
[EventType "blitz"]
[TimeControl "180"]

1. e4 e5 2. Nf3 Nf6 3. Nxe5 d6 4. Nxf7 Kxf7 5. d4 c6 6. Bd3 Be7 7. O-O Rf8 8.
f4 Kg8 9. c3 d5 10. e5 Ne4 11. Nd2 Nxd2 12. Bxd2 g6 13. Qc2 Bf5 14. h3 Qd7 15.
Rf3 Na6 16. g4 Bxd3 17. Qxd3 Kh8 18. f5 gxf5 19. gxf5 Rg8+ 20. Kh1 Bg5 21. f6
Bxd2 22. Qxd2 Raf8 23. Qf4 Nc7 24. Re1 Ne6 25. Qf5 Qf7 26. b3 Rg5 27. Qd3 Rfg8
28. c4 Qg6 29. cxd5 cxd5 30. Qxg6 R5xg6 31. Rd1 Rc8 32. Rd2 Kg8 33. h4 Kf7 34.
Kh2 Rg4 35. Rg3 Rxg3 36. Kxg3 Rc1 37. Kg4 Rg1+ 38. Kh5 Rg6 39. Rc2 Nf4# {Normal
} 0-1

[Event "Rated Blitz game"]
[Site "?"]
[Date "2021.09.18"]
[Round "?"]
[White "Ofird94"]
[Black "Pintorazo"]
[Result "0-1"]
[ECO "C42"]
[WhiteElo "2418"]
[BlackElo "2276"]
[PlyCount "88"]
[EventDate "2021.??.??"]
[EventType "blitz"]
[TimeControl "180"]

1. e4 e5 2. Nf3 Nf6 3. Nxe5 d6 4. Nxf7 Kxf7 5. Bc4+ d5 6. exd5 Bd6 7. O-O Rf8
8. d4 Kg8 9. Bb3 Bf5 10. c4 b6 11. Nc3 Nbd7 12. h3 h6 13. g4 Bg6 14. f4 Ne4 15.
Nb5 Qh4 16. Qf3 Rae8 17. Nxd6 Nxd6 18. f5 Bf7 19. Bf4 Nf6 20. Kg2 Nfe4 21. Rae1
Qf6 22. Be5 Rxe5 23. dxe5 Qxe5 24. Re2 Re8 25. Rfe1 Qd4 26. Bc2 Nf6 27. Rxe8+
Nfxe8 28. b3 Qd2+ 29. Re2 Qd4 30. Qe3 Qf6 31. Qe7 Qd4 32. Qe3 Qa1 33. h4 Qc1
34. Bd3 a5 35. Qxc1 Nf6 36. Qe3 Nfe8 37. g5 hxg5 38. hxg5 a4 39. g6 Bxg6 40.
fxg6 Nf6 41. Qe6+ Kf8 42. Bf5 Ng4 43. Bxg4 Nf5 44. Qe7+ Kg8 {Time forfeit} 0-1

[Event "Rated Blitz game"]
[Site "?"]
[Date "2021.09.18"]
[Round "?"]
[White "mared2"]
[Black "Sziszon"]
[Result "1-0"]
[ECO "C42"]
[WhiteElo "2403"]
[BlackElo "2262"]
[PlyCount "69"]
[EventDate "2021.??.??"]
[EventType "blitz"]
[TimeControl "180"]

1. e4 e5 2. Nf3 Nf6 3. Nxe5 d6 4. Nxf7 Kxf7 5. d4 Be7 6. Nc3 Re8 7. Bc4+ Be6 8.
Bxe6+ Kxe6 9. f4 Kf7 10. e5 dxe5 11. fxe5 Kg8 12. O-O Nd5 13. Ne4 b6 14. c3 c5
15. Bd2 Nc6 16. Qg4 Qc8 17. Qh5 cxd4 18. Qf7+ Kh8 19. Qxd5 dxc3 20. Bxc3 Nb4
21. Qf7 Bc5+ 22. Kh1 Qe6 23. Qh5 Nd5 24. Ng5 Qg6 25. Nf7+ Kg8 26. Qf3 Nxc3 27.
Qxc3 Rac8 28. Qb3 Qe6 29. Qg3 Bd4 30. Rae1 Rf8 31. Ng5 Rxf1+ 32. Rxf1 Qxe5 33.
Qh3 h6 34. Qxc8+ Qe8 35. Qxe8# {Normal} 1-0

[Event "Rated Blitz game"]
[Site "?"]
[Date "2021.09.17"]
[Round "?"]
[White "Monkey_King"]
[Black "Wernad"]
[Result "1-0"]
[ECO "C42"]
[WhiteElo "2576"]
[BlackElo "2398"]
[PlyCount "51"]
[EventDate "2021.??.??"]
[EventType "blitz"]
[TimeControl "180"]

1. e4 e5 2. Nf3 Nf6 3. Nxe5 d6 4. Nxf7 Kxf7 5. Nc3 c6 6. d4 Be7 7. Be2 Rf8 8.
O-O Kg8 9. f4 d5 10. e5 Ne4 11. Nxe4 dxe4 12. Bc4+ Kh8 13. c3 c5 14. d5 Qe8 15.
d6 Bd8 16. Qd5 Bf5 17. Be3 Bb6 18. e6 Nc6 19. Rad1 Rd8 20. e7 Nxe7 21. dxe7
Qxe7 22. Qe5 Qxe5 23. fxe5 g6 24. Bg5 Rxd1 25. Rxd1 Re8 26. Bf6# {Normal} 1-0

[Event "Rated Blitz game"]
[Site "?"]
[Date "2021.09.17"]
[Round "?"]
[White "Karimbenz9999"]
[Black "mufiks"]
[Result "1-0"]
[ECO "C42"]
[WhiteElo "2644"]
[BlackElo "2677"]
[PlyCount "65"]
[EventDate "2021.??.??"]
[EventType "blitz"]
[TimeControl "180"]

1. e4 e5 2. Nf3 Nf6 3. Nxe5 d6 4. Nxf7 Kxf7 5. d4 c5 6. Nc3 cxd4 7. Bc4+ d5 8.
Nxd5 Be6 9. O-O Nc6 10. Bg5 Be7 11. Re1 Rf8 12. f4 Nxd5 13. exd5 Bxd5 14. Qh5+
Kg8 15. Bd3 g6 16. Bxg6 Rf7 17. Bxe7 Nxe7 18. Bxf7+ Bxf7 19. Qg5+ Ng6 20. Qxd8+
Rxd8 21. g3 Rc8 22. Re2 d3 23. cxd3 Kf8 24. Rd1 Ne7 25. b3 Nd5 26. Re5 Rc2 27.
Rde1 Rxa2 28. Rc1 a5 29. Rc8+ Kg7 30. Rb8 b6 31. Rb7 Rb2 32. Rxd5 Kg6 33. Rd6+
{Normal} 1-0

[Event "Rated Blitz game"]
[Site "?"]
[Date "2021.09.17"]
[Round "?"]
[White "DiagonaleTV"]
[Black "Ookkii6"]
[Result "1-0"]
[ECO "C42"]
[WhiteElo "2372"]
[BlackElo "2439"]
[PlyCount "101"]
[EventDate "2021.??.??"]
[EventType "blitz"]
[TimeControl "180+2"]

1. e4 e5 2. Nf3 Nf6 3. Nxe5 d6 4. Nxf7 Kxf7 5. d4 c5 6. dxc5 Be6 7. cxd6 Qxd6
8. Bd3 Nc6 9. O-O Be7 10. Nc3 Rhf8 11. f4 Kg8 12. Qe1 Qd7 13. f5 Bc4 14. Bxc4+
Kh8 15. Be3 Ne5 16. Bb3 Rae8 17. Rd1 Qc7 18. h3 Bc5 19. Bxc5 Qxc5+ 20. Qf2 Qa5
21. Nd5 Nxd5 22. Rxd5 Qc7 23. Qd4 Nc6 24. Qc4 Qg3 25. Qd3 Qg5 26. Rd6 Ne5 27.
Qd2 Qg3 28. Qf4 Qxf4 29. Rxf4 b5 30. Ra6 Re7 31. Bd5 Rc7 32. Rf2 Nd7 33. Rc6
Rb7 34. Rd2 Nb6 35. Bb3 Re7 36. Re6 Rc7 37. g4 h6 38. e5 a5 39. Rxb6 a4 40. Bd5
Rd8 41. Rd6 Rdc8 42. Be4 b4 43. e6 b3 44. Rd8+ Rxd8 45. Rxd8+ Kh7 46. axb3 axb3
47. f6+ g6 48. Rd7+ Rxd7 49. exd7 bxc2 50. Bxc2 h5 51. g5 {Normal} 1-0

[Event "Rated Blitz game"]
[Site "?"]
[Date "2021.09.16"]
[Round "?"]
[White "chickens0003"]
[Black "tarjih2014"]
[Result "1-0"]
[ECO "C42"]
[WhiteElo "2417"]
[BlackElo "2282"]
[PlyCount "59"]
[EventDate "2021.??.??"]
[EventType "blitz"]
[TimeControl "180+2"]

1. e4 e5 2. Nf3 Nf6 3. Nxe5 d6 4. Nxf7 Kxf7 5. d4 c5 6. dxc5 Nc6 7. Bc4+ Be6 8.
Bxe6+ Kxe6 9. Nc3 dxc5 10. Qe2 Kf7 11. Bg5 h6 12. Qc4+ Kg6 13. Be3 b6 14. f4
Nd4 15. O-O-O b5 16. Qd3 Kf7 17. e5 Ne8 18. Qe4 Nc7 19. Bxd4 cxd4 20. Rxd4 Qc8
21. Rhd1 Bc5 22. Rd7+ Kg8 23. Rxc7 Qxc7 24. Qxa8+ Kh7 25. Qe4+ g6 26. Nd5 Qf7
27. Nf6+ Kg7 28. Rd7 Be7 29. Qb7 Kf8 30. Nd5 {Time forfeit} 1-0

[Event "Rated Blitz game"]
[Site "?"]
[Date "2021.09.16"]
[Round "?"]
[White "felpudo"]
[Black "Voorzitter-HMC"]
[Result "0-1"]
[ECO "C42"]
[WhiteElo "2468"]
[BlackElo "2513"]
[PlyCount "50"]
[EventDate "2021.??.??"]
[EventType "blitz"]
[TimeControl "180"]

1. e4 e5 2. Nf3 Nf6 3. Nxe5 d6 4. Nxf7 Kxf7 5. d4 Nxe4 6. Qh5+ Kf6 7. Qh4+ g5
8. Qxe4 Bf5 9. Qe3 Bh6 10. Be2 Bxc2 11. O-O Re8 12. Qf3+ Kg7 13. Qxb7 Nd7 14.
Bf3 Rb8 15. Qxa7 Nf6 16. Nc3 Bd3 17. Rd1 Bc2 18. Be3 Bxd1 19. Nxd1 g4 20. Bxh6+
Kxh6 21. Ne3 gxf3 22. Rc1 Rxe3 23. fxe3 Rxb2 24. Qxc7 f2+ 25. Kf1 Ng4 {Normal}
0-1

[Event "Rated Blitz game"]
[Site "?"]
[Date "2021.09.15"]
[Round "?"]
[White "Jessejames88"]
[Black "Queribus"]
[Result "1-0"]
[ECO "C42"]
[WhiteElo "2588"]
[BlackElo "2438"]
[PlyCount "45"]
[EventDate "2021.??.??"]
[EventType "blitz"]
[TimeControl "180"]

1. e4 e5 2. Nf3 Nf6 3. Nxe5 d6 4. Nxf7 Kxf7 5. d4 c5 6. Nc3 Be6 7. Be3 cxd4 8.
Qxd4 Nc6 9. Qd2 Qa5 10. Be2 Be7 11. O-O Rhf8 12. f4 Kg8 13. f5 Bf7 14. g4 Ne5
15. g5 Nfg4 16. Bd4 Nc4 17. Qf4 Nge5 18. f6 gxf6 19. gxf6 Bd8 20. Qh6 Bxf6 21.
Rxf6 Bg6 22. Bxc4+ Nxc4 23. Rxg6+ {Normal} 1-0

[Event "Rated Rapid tournament Xdinez3y"]
[Site "?"]
[Date "2021.09.15"]
[Round "?"]
[White "Rhrt"]
[Black "magho"]
[Result "0-1"]
[ECO "C42"]
[WhiteElo "2230"]
[BlackElo "2445"]
[PlyCount "152"]
[EventDate "2021.??.??"]
[EventType "rapid"]
[TimeControl "600+2"]

1. e4 e5 2. Nf3 Nf6 3. Nxe5 d6 4. Nxf7 Kxf7 5. d4 c5 6. Bc4+ Be6 7. Bxe6+ Kxe6
8. O-O cxd4 9. Qxd4 Nc6 10. Qd3 Be7 11. Nc3 Re8 12. Qc4+ Kd7 13. Bf4 Qa5 14.
Rad1 Rad8 15. e5 Nxe5 16. Bxe5 Qxe5 17. Rfe1 Qf5 18. Nb5 Rc8 19. Qa4 Qxc2 20.
Qxa7 Qc6 21. Nd4 Qa6 22. Qxa6 bxa6 23. Nf5 g6 24. Ne3 Bf8 25. Rd3 Rc5 26. Red1
Rec8 27. Kf1 Rc1 28. Ke2 Rxd1 29. Rxd1 Ke6 30. f3 Bh6 31. Rd2 Bxe3 32. Kxe3 Rc4
33. g4 g5 34. h4 h6 35. hxg5 hxg5 36. Rh2 d5 37. Kd3 Rf4 38. Ke3 d4+ 39. Ke2
d3+ 40. Kxd3 Rxf3+ 41. Kc4 Nxg4 42. Re2+ Re3 43. Rg2 Kf5 44. b4 Ne5+ 45. Kc5
Ra3 46. b5 axb5 47. Kxb5 g4 48. Kb4 Rf3 49. a4 g3 50. Kb5 Kf4 51. a5 Rb3+ 52.
Kc5 Kf3 53. Ra2 g2 54. Ra1 Kf2 55. Ra2+ Kg3 56. Ra1 Kh2 57. a6 Ra3 58. Rxa3
g1=Q+ 59. Kd5 Qg2+ 60. Ke6 Qc6+ 61. Kf5 Qc2+ 62. Ke6 Qc8+ 63. Kd5 Qd7+ 64. Ke4
Nc6 65. Rd3 Qg4+ 66. Ke3 Qg1+ 67. Kd2 Qf2+ 68. Kc3 Qc5+ 69. Kd2 Qa5+ 70. Ke3
Qxa6 71. Rd2+ Kg3 72. Rd3 Qb6+ 73. Ke4+ Kg4 74. Rd5 Qb4+ 75. Kd3 Qb3+ 76. Ke4
Qf3# {Normal} 0-1

[Event "Rated Blitz game"]
[Site "?"]
[Date "2021.09.15"]
[Round "?"]
[White "Soporifico"]
[Black "TacticalMaster"]
[Result "1-0"]
[ECO "C42"]
[WhiteElo "2438"]
[BlackElo "2475"]
[PlyCount "73"]
[EventDate "2021.??.??"]
[EventType "blitz"]
[TimeControl "180+2"]

1. e4 e5 2. Nf3 Nf6 3. Nxe5 d6 4. Nxf7 Kxf7 5. Nc3 d5 6. exd5 Bd6 7. Be2 Re8 8.
O-O Kg8 9. d4 Bf5 10. Bf3 Nbd7 11. Ne2 b5 12. b3 Nb6 13. Bg5 b4 14. a3 a5 15.
axb4 axb4 16. Rxa8 Nxa8 17. Ng3 Bg6 18. Bg4 Nb6 19. Be6+ Kh8 20. f4 h6 21. Bxf6
Qxf6 22. f5 Bf7 23. Ne4 Qh4 24. Nxd6 cxd6 25. Bxf7 Re4 26. Be6 Rxd4 27. Qe1 Qf6
28. c3 Rd3 29. Qf2 Nxd5 30. Qa7 Ne7 31. cxb4 Qd4+ 32. Qxd4 Rxd4 33. b5 Rb4 34.
Rc1 Rxb5 35. Rc7 Nxf5 36. b4 Nd4 37. Bc4 {Time forfeit} 1-0

[Event "Rated Blitz game"]
[Site "?"]
[Date "2021.09.15"]
[Round "?"]
[White "judineptune"]
[Black "Raelav"]
[Result "1-0"]
[ECO "C42"]
[WhiteElo "2461"]
[BlackElo "2453"]
[PlyCount "89"]
[EventDate "2021.??.??"]
[EventType "blitz"]
[TimeControl "180"]

1. e4 e5 2. Nf3 Nf6 3. Nxe5 d6 4. Nxf7 Kxf7 5. d4 g6 6. Nc3 c6 7. Qf3 Kg7 8.
Bg5 Be7 9. O-O-O h6 10. Bxf6+ Bxf6 11. e5 Bg5+ 12. Kb1 d5 13. h4 Bxh4 14. Bd3
Nd7 15. g3 Bg5 16. Qe2 Nf8 17. f4 Be7 18. f5 Bxf5 19. Bxf5 gxf5 20. Rdf1 Qd7
21. g4 f4 22. Rxf4 Ne6 23. Rf5 Raf8 24. Qf2 Bg5 25. Rf1 Qe7 26. Ne2 Rhg8 27.
Ng3 Kh8 28. Nh5 Rxf5 29. gxf5 Ng7 30. f6 Qe6 31. fxg7+ Kh7 32. Qf5+ Qxf5 33.
Rxf5 Kg6 34. Rf8 Kh7 35. e6 Be7 36. Rxg8 Kxg8 37. Kc1 b6 38. Kd2 c5 39. Ke3
Bg5+ 40. Kf3 cxd4 41. Kg4 b5 42. Kf5 a5 43. Kg6 b4 44. Nf6+ Bxf6 45. Kxf6 {
Normal} 1-0

[Event "Rated Blitz game"]
[Site "?"]
[Date "2021.09.15"]
[Round "?"]
[White "LokyTheGreat"]
[Black "Sjaakmatinone"]
[Result "1-0"]
[ECO "C42"]
[WhiteElo "2451"]
[BlackElo "2333"]
[PlyCount "44"]
[EventDate "2021.??.??"]
[EventType "blitz"]
[TimeControl "180"]

1. e4 e5 2. Nf3 Nf6 3. Nxe5 d6 4. Nxf7 Kxf7 5. d4 c5 6. dxc5 Nc6 7. Nc3 Be6 8.
cxd6 Bxd6 9. Bd3 Rf8 10. O-O Kg8 11. Bg5 a6 12. f4 Qb6+ 13. Kh1 Qxb2 14. Na4
Qa3 15. Nb6 Rad8 16. e5 Bc5 17. exf6 gxf6 18. Bxh7+ Kxh7 19. Qh5+ Kg8 20. Qg6+
Kh8 21. Bxf6+ Rxf6 22. Qxf6+ Kh7 {Normal} 1-0

[Event "Rated Blitz game"]
[Site "?"]
[Date "2021.09.15"]
[Round "?"]
[White "Qahramonchess09"]
[Black "kinar1"]
[Result "1/2-1/2"]
[ECO "C42"]
[WhiteElo "2350"]
[BlackElo "2453"]
[PlyCount "61"]
[EventDate "2021.??.??"]
[EventType "blitz"]
[TimeControl "180+2"]

1. e4 e5 2. Nf3 Nf6 3. Nxe5 d6 4. Nxf7 Kxf7 5. Bc4+ Be6 6. Bxe6+ Kxe6 7. d4 Kd7
8. e5 Qe8 9. O-O Ng8 10. Re1 d5 11. e6+ Kc8 12. e7 Nxe7 13. c4 Qd7 14. Nc3 dxc4
15. d5 Nf5 16. Qg4 Nd6 17. Re6 Na6 18. Ne4 b6 19. Bf4 Kb7 20. Re1 Nxe4 21.
Rxb6+ axb6 22. Qxd7 Nd6 23. Qc6+ Kb8 24. b4 Nxb4 25. Qd7 Nd3 26. Re8+ Nxe8 27.
Qxe8+ Ka7 28. Qa4+ Kb8 29. Qe8+ Ka7 30. Qa4+ Kb8 31. Qe8+ {Normal} 1/2-1/2

[Event "Rated Blitz game"]
[Site "?"]
[Date "2021.09.15"]
[Round "?"]
[White "LokyTheGreat"]
[Black "Pintorazo"]
[Result "0-1"]
[ECO "C42"]
[WhiteElo "2432"]
[BlackElo "2284"]
[PlyCount "108"]
[EventDate "2021.??.??"]
[EventType "blitz"]
[TimeControl "180"]

1. e4 e5 2. Nf3 Nf6 3. Nxe5 d6 4. Nxf7 Kxf7 5. d4 g6 6. Nc3 Bg7 7. Bc4+ d5 8.
Nxd5 Nxd5 9. Bxd5+ Be6 10. Bxe6+ Kxe6 11. c3 Rf8 12. Qb3+ Ke7 13. e5 Nd7 14.
Bg5+ Nf6 15. O-O-O Kd7 16. exf6 Bxf6 17. Bxf6 Rxf6 18. Qxb7 Rxf2 19. Rhe1 Rb8
20. Qd5+ Kc8 21. Qxd8+ Kxd8 22. Rf1 Rbxb2 23. Rxf2 Rxf2 24. Rd2 Rf1+ 25. Kb2
Kd7 26. a4 a5 27. Kb3 Rb1+ 28. Kc4 Kd6 29. Rf2 Ke7 30. Kc5 Rb3 31. c4 Ra3 32.
Kc6 Rxa4 33. c5 Rxd4 34. Kxc7 a4 35. c6 a3 36. Re2+ Kf6 37. Kb7 Rb4+ 38. Ka6
Ra4+ 39. Kb5 a2 40. c7 a1=Q 41. Re6+ Kxe6 42. c8=Q+ Kf6 43. Qc6+ Kg5 44. Qd5+
Kh6 45. Qd2+ Kg7 46. Qd7+ Kf6 47. Qd6+ Kf5 48. Qd5+ Qe5 49. Qxe5+ Kxe5 50. Kxa4
Ke4 51. Kb4 g5 52. Kc4 h5 53. Kc3 Ke3 54. Kc4 Kf2 {Normal} 0-1

[Event "Rated Blitz game"]
[Site "?"]
[Date "2021.09.14"]
[Round "?"]
[White "supertolchok"]
[Black "artiom1401"]
[Result "0-1"]
[ECO "C42"]
[WhiteElo "2438"]
[BlackElo "2527"]
[PlyCount "122"]
[EventDate "2021.??.??"]
[EventType "blitz"]
[TimeControl "180"]

1. e4 e5 2. Nf3 Nf6 3. Nxe5 d6 4. Nxf7 Kxf7 5. Bc4+ d5 6. exd5 Bd6 7. O-O Rf8
8. Nc3 Kg8 9. d4 Ng4 10. h3 Qh4 11. Ne4 Nh2 12. Nxd6 Nxf1 13. Qxf1 cxd6 14. Be3
Nd7 15. Qd3 Nb6 16. Bb3 Bf5 17. Qd2 Rac8 18. Bf4 Qf6 19. Bg3 Be4 20. Qb4 Bxc2
21. Qxd6 Bxb3 22. axb3 Qxd6 23. Bxd6 Rfd8 24. Bc5 Nxd5 25. Rxa7 Rd7 26. Kf1 Re8
27. b4 Nf4 28. Ra1 Nd3 29. Rd1 Nxc5 30. bxc5 Red8 31. Rd3 Rxd4 32. Rb3 R8d7 33.
g3 Rc4 34. Rb5 Rc7 35. b4 Rc2 36. Rb6 Rf7 37. f4 Rd7 38. Rd6 Rxd6 39. cxd6 Rd2
40. Ke1 Rxd6 41. Ke2 Rb6 42. Kd3 Rxb4 43. Kc3 Ra4 44. Kb3 Re4 45. g4 Re3+ 46.
Kc4 Rxh3 47. Kd5 Rg3 48. g5 Rg4 49. Ke5 h5 50. g6 Rxg6 51. f5 Rg1 52. Ke6 h4
53. f6 gxf6 54. Kf5 h3 55. Kxf6 h2 56. Kf5 h1=Q 57. Kf4 Re1 58. Kg3 Qf1 59. Kh2
Re2+ 60. Kg3 Rg2+ 61. Kh4 Qh1# {Normal} 0-1